 Dungeon Crawl Stone Soup version bcrawl-1.17.3 (webtiles) character file.

Game seed: 15011407845863071499

25788 Chiseanne the Destroyer (level 12, -13/92 HPs)
             Began as a Mummy Archaeologist on Oct 25, 2019.
             Was an Initiate of Gozag.
             Mangled by a minotaur (16 damage)
             ... on level 4 of the Lair of Beasts.
             The game lasted 00:29:09 (14501 turns).

Chiseanne the Destroyer (Mummy Archaeologist)      Turns: 14501, Time: 00:29:10

Health: -13/92     AC: 17    Str: 14    XL:     12   Next: 92%
Magic:  20/20      EV: 16    Int: 17    God:    Gozag
Gold:   1493       SH:  0    Dex: 12    Spells: 14/22 levels left

rFire    x . .     SeeInvis .   s - +4 quarterstaff (chaos)
rCold    + . .     Gourm    .   (shield currently unavailable)
rNeg     + + +     Faith    .   p - +1 ring mail {rPois}
rPois    ∞         Spirit   .   k - +2 hat
rElec    .         Reflect  .   h - +1 cloak
rCorr    .         Harm     .   (no gloves)
MR       +....     Clarity  +   d - +1 pair of boots
Stlth    +.........             (no amulet)
HPRegen  0.25/turn              r - +3 ring of evasion
MPRegen  0.17/turn              E - +4 ring of protection

@: no status effects
A: no food or potions, fire vulnerability, clarity, cold resistance 1, negative
energy resistance 3, torment resistance, unbreathing
a: Potion Petition, Call Merchant, Bribe Branch, Renounce Religion


You were on level 4 of the Lair of Beasts.
You worshipped Gozag.
Gozag was most pleased with you.
You were not hungry.

You visited 3 branches of the dungeon, and saw 14 of its levels.

You collected 2933 gold pieces.
You spent 748 gold pieces at shops.
You paid 692 gold pieces to Gozag.

Inventory:

Hand Weapons
 a - the +8 glaive of the Guard {elec, +Rage AC+5 SInv} Occasionally, upon striking a foe, it will discharge some electrical energy and cause terrible harm. It affects your AC (+5). It lets you see invisible. It lets you go berserk.
 s - a +4 quarterstaff of chaos (weapon)
 C - a +0 blowgun
Missiles
 c - 64 poisoned tomahawks (quivered)
 g - 207 sling bullets
 i - 186 tomahawks
 j - 2242 stones
 o - 525 bolts
 t - 1620 arrows
 x - 49 needles of confusion
 F - 960 poisoned needles
Armour
 d - a +1 pair of boots (worn)
 h - a +1 cloak (worn)
 k - a +2 hat (worn)
 p - a +1 ring mail of poison resistance (worn)
 w - a +1 robe of resistance
Jewellery
 r - a +3 ring of evasion (left hand)
 y - an uncursed ring of insulation
 E - a +4 ring of protection (right hand)
Wands
 u - a wand of polymorph (5)
 z - a wand of flame (10)
 B - a wand of iceblast (5)
 D - a wand of enslavement (2)
 G - a wand of disintegration (21)
 I - a wand of paralysis (13)
Scrolls
 b - 10 scrolls of remove curse
 e - 2 scrolls of fear
 f - a scroll of fog
 l - 5 scrolls of identify
 m - 4 scrolls of amnesia
 n - 5 scrolls of magic mapping
 q - 5 scrolls of teleportation
 A - 2 scrolls of blinking
 H - a scroll of enchant weapon


   Skills:
 - Level 7.6 Fighting
   Level 0.7 Maces & Flails
 - Level 8.4 Polearms
 - Level 5.0 Armour
 - Level 6.3 Dodging
 - Level 2.6 Stealth
 * Level 5.8 Spellcasting
 * Level 9.5 Conjurations
 * Level 4.1 Translocations
 * Level 3.0 Fire Magic
 - Level 5.0 Air Magic
 - Level 5.2 Poison Magic


You had 14 spell levels left.
You knew the following spells:

 Your Spells              Type           Power        Failure   Level  Hunger
a - Blink                 Tloc           N/A          7%          2    N/A
b - Conjure Flame         Conj/Fire      ####....     6%          3    N/A
c - Mephitic Cloud        Conj/Pois/Air  ####....     4%          3    N/A

Your spell library contained the following spells:

 Spells                   Type           Power        Failure   Level  Hunger
 Magic Dart               Conj           ####         1%          1    N/A
 Apportation              Tloc           ###...       4%          1    N/A
 Infusion                 Chrm           #.......     26%         1    N/A
 Sandblast                Erth           #.....       26%         1    N/A
 Slow                     Hex            #.......     26%         1    N/A
 Summon Butterflies       Summ           #.......     26%         1    N/A
 Call Imp                 Summ           #.......     36%         2    N/A

Dungeon Overview and Level Annotations

Branches:
Dungeon (9/12)             Temple (1/1) D:6            Lair (4/6) D:8
 Spider (0/3) Lair:2
  Swamp: Lair:2-4    Shoals: Lair:2-4       Orc: D:8-11

Altars:
Gozag
Hepliaklqana
Lugonu
Makhleb
Nemelex Xobeh
Ru
Sif Muna
Uskayaw

Shops:
D:4 !   D:5 =   D:7 =:


Innate Abilities, Weirdness & Mutations

You do not eat or drink.
Your flesh is vulnerable to fire.
You are immune to poison.
You possess an exceptional clarity of mind.
Your flesh is cold resistant. (rC+)
You are immune to negative energy. (rN+++)
You are immune to unholy pain and torment.
You can survive without breathing.


Message History

The cane toad closely misses you.
You sock the eight-headed hydra! Strange energies run through your body.
The eight-headed hydra is severely wounded.
The eight-headed hydra bites you.
The eight-headed hydra completely misses you.
The eight-headed hydra misses you.
The eight-headed hydra completely misses you.
The eight-headed hydra bites you. The eight-headed hydra misses you.
The eight-headed hydra bites you!
The eight-headed hydra completely misses you.
The cane toad completely misses you.
You hit the eight-headed hydra.
The eight-headed hydra evaporates and reforms as a minotaur!
The minotaur is lightly wounded.
The cane toad completely misses you. The cane toad hits you!
The minotaur hits you!!
* * * LOW HITPOINT WARNING * * *
The minotaur gores you!
You die...
Your body crumbles into a pile of gold.

......###### #......
.##....#.#.# .......
#.........## .......
..........# .......
..........## ...D.rr
...........####### .......
...........P.#.#.#######.......
................##..........^..
................@H.....#.......
..........###..##FP#.######.###
......### ########.# # .....#
### ##.# ##


You could see a minotaur and a cane toad.

Vanquished Creatures
  2 two-headed ogres
  7 death yaks (D:8)
  Pikel (D:5)
  An orb spider (Lair:2)
  6 elephants (Lair:2)
  2 black mambas
  5 cane toads
  2 rime drakes (Lair:4)
  3 meliai (D:8)
  A troll (D:9)
  2 polar bears
  8 blink frogs (Lair:3)
  4 hippogriffs
  A wraith (D:6)
  20 yaks
  Eustachio (D:5)
  A steam dragon (D:6)
  A hungry ghost (D:9)
  An acid dragon (D:9)
  12 water moccasins
  8 porcupines
  A black bear (D:7)
  2 orc warriors (D:9)
  3 sky beasts
  3 necrophages
  3 ogres
  10 wolves
  A phantom (D:4)
  4 centaurs
  6 crocodiles
  7 bullfrogs
  2 big kobolds
  A gnoll sergeant (D:4)
  9 scorpions
  6 killer bees (D:7)
  9 wights
  3 howler monkeys
  2 electric eels (D:7)
  5 crimson imps
  3 hounds
  3 jellies
  An orc priest (D:8)
  Crazy Yiuf (D:2)
  A bullfrog skeleton (D:4)
  2 centaur skeletons
  5 orc wizards
  An iguana (D:8)
  4 worker ants
  A killer bee zombie (D:5)
  A worker ant zombie (D:7)
  10 gnolls
  A howler monkey skeleton (D:6)
  10 adders
  3 shadow imps
  An ooze (D:1)
  2 adder skeletons
  3 worms
  2 dart slugs
  3 leopard geckos
  30 orcs
  11 bats
  5 giant cockroaches
  9 goblins
  8 hobgoblins
  12 jackals
  20 kobolds
  3 quokkas
  A ball python (D:1)
  A ball python skeleton (D:3)
  5 frilled lizards
  10 rats
  4 fungi (D:4)
343 creatures vanquished.

Vanquished Creatures (others)
  3 fungi
  A plant (Lair:4)
4 creatures vanquished.

Grand Total: 347 creatures vanquished

Notes
Turn   | Place    | Note
-------+----------+-------------------------------------------
     0 | D:1      | Chiseanne the Mummy Archaeologist began the quest for the
                  | Orb.
     0 | D:1      | Reached XP level 1. HP: 15/15 MP: 1/1
   289 | D:2      | Reached XP level 2. HP: 22/22 MP: 2/2
   812 | D:2      | Reached XP level 3. HP: 23/29 MP: 3/3
   914 | D:2      | Found a runed door.
  1186 | D:2      | Reached skill level 1 in Polearms
  1721 | D:1      | Reached XP level 4. HP: 32/35 MP: 4/4
  2048 | D:2      | Noticed Crazy Yiuf
  2070 | D:2      | Killed Crazy Yiuf
  2617 | D:2      | Reached XP level 5. HP: 19/41 MP: 5/5
  2975 | D:3      | Reached skill level 5 in Polearms
  3738 | D:2      | Reached XP level 6. HP: 23/47 MP: 6/6
  3932 | D:4      | Reached skill level 1 in Armour
  4027 | D:4      | Found Efesoa's Distillery.
  4052 | D:4      | Reached XP level 7. HP: 51/53 MP: 7/7
  4067 | D:5      | Entered Level 5 of the Dungeon
  4392 | D:4      | Reached XP level 8. HP: 55/61 MP: 8/8
  4712 | D:5      | Noticed Pikel
  4713 | D:5      | Noticed Eustachio
  4739 | D:5      | Killed Pikel
  4739 | D:5      | Reached skill level 5 in Fighting
  4774 | D:5      | Killed Eustachio
  4829 | D:5      | Found a hide-covered altar of Uskayaw.
  4830 | D:5      | Noticed a +0 hand axe
  4830 | D:5      | Noticed a +0 dagger
  4865 | D:5      | Noticed a two-headed ogre
  4875 | D:5      | Killed a two-headed ogre
  4875 | D:5      | Reached skill level 5 in Dodging
  4875 | D:5      | Reached XP level 9. HP: 31/70 MP: 9/9
  5289 | D:5      | Noticed Blork the orc
  5292 | D:5      | Noticed Blork
  5292 | D:5      | Blork the orc changed into Blork the jelly
  5294 | D:5      | Killed Blork the jelly
  5295 | D:5      | Found Anoar's Jewellery Shop.
  5414 | D:6      | Found a staircase to the Ecumenical Temple.
  5426 | Temple   | Entered the Ecumenical Temple
  5460 | Temple   | Became a worshipper of Gozag Ym Sagoz the Greedy
  5550 | D:6      | Reached skill level 5 in Armour
  5612 | D:6      | Reached skill level 1 in Spellcasting
  5998 | D:6      | Found a burning altar of Makhleb.
  6111 | D:6      | Reached XP level 10. HP: 79/79 MP: 13/13
  6969 | D:7      | Found Uruvet's Book Shoppe.
  6977 | D:7      | Bought a book of Minor Magic for 280 gold pieces
  6981 | D:7      | Learned a level 2 spell: Blink
  6985 | D:7      | Learned a level 3 spell: Conjure Flame
  6989 | D:7      | Learned a level 3 spell: Mephitic Cloud
  7100 | D:7      | Found a shimmering blue altar of Sif Muna.
  7103 | D:7      | Found a corrupted altar of Lugonu.
  7638 | D:8      | Reached skill level 1 in Conjurations
  7638 | D:8      | Reached skill level 1 in Translocations
  7638 | D:8      | Reached skill level 1 in Air Magic
  7638 | D:8      | Reached skill level 1 in Poison Magic
  7679 | D:8      | Found a staircase to the Lair.
  7680 | D:8      | Noticed a death yak
  8048 | D:8      | Noticed a death yak
  8067 | D:8      | Noticed a death yak
  8069 | D:8      | Noticed a death yak
  8069 | D:8      | Noticed a death yak
  8077 | D:8      | Killed a death yak
  8087 | D:8      | HP: 4/80 [death yak (11)]
  8417 | D:8      | Reached skill level 2 in Conjurations
  8737 | D:8      | Noticed a death yak
  8737 | D:8      | Noticed a death yak
  8823 | D:8      | Killed a death yak
  8823 | D:8      | Reached skill level 3 in Conjurations
  8831 | D:8      | Killed a death yak
  8831 | D:8      | Reached skill level 4 in Conjurations
  8831 | D:8      | Reached XP level 11. HP: 34/85 MP: 14/16
  8845 | D:8      | Killed a death yak
  8845 | D:8      | Reached skill level 5 in Conjurations
  8848 | D:8      | Killed a death yak
  8854 | D:8      | Killed a death yak
  8854 | D:8      | Reached skill level 6 in Conjurations
  9415 | D:5      | Bought a +4 ring of protection for 468 gold pieces
  9705 | D:9      | Noticed a two-headed ogre
  9726 | D:9      | Killed a two-headed ogre
  9893 | D:9      | Noticed a seven-headed hydra
 10118 | D:8      | Killed a death yak
 10118 | D:8      | Reached skill level 7 in Conjurations
 10249 | Lair:1   | Entered Level 1 of the Lair of Beasts
 10975 | Lair:2   | Reached XP level 12. HP: 46/92 MP: 17/17
 10979 | Lair:2   | Reached skill level 8 in Conjurations
 11711 | Lair:2   | Found a hole to the Spider Nest.
 12055 | Lair:2   | Reached skill level 5 in Poison Magic
 12327 | Lair:2   | Reached skill level 5 in Air Magic
 12640 | Lair:3   | Reached skill level 9 in Conjurations
 12656 | Lair:3   | Reached skill level 1 in Fire Magic
 13818 | Lair:4   | Reached skill level 5 in Spellcasting
 14484 | Lair:4   | Noticed an eight-headed hydra
 14501 | Lair:4   | Noticed a minotaur
 14501 | Lair:4   | an eight-headed hydra changed into a minotaur
 14501 | Lair:4   | HP: 3/92 [minotaur (25)]
 14501 | Lair:4   | Mangled by a minotaur

Skill      XL: |  1  2  3  4  5  6  7  8  9 10 11 12 |
---------------+-------------------------------------+-----
Fighting       | 2 3 4 6 7 |  7.6
Polearms       | 2 4 5 6 7 8 |  8.4
Armour         | 1 2 4 5 |  5.0
Dodging        | 3 5 6 |  6.3
Spellcasting   | 2 3 5 |  5.8
Conjurations   | 4 7 9 |  9.5
Translocations | 2 4 |  4.1
Air Magic      | 2 4 5 |  5.0
Poison Magic   | 2 4 5 |  5.2
Fire Magic     | 3 |  3.0
Maces & Flails | |  0.7
Stealth        | |  2.6

Action                   |  1- 3 |  4- 6 |  7- 9 | 10-12 || total
-------------------------+-------+-------+-------+-------++-------
Melee: Whip              |    60 |       |       |       ||    60
       Flail             |    61 |       |       |       ||    61
       Long sword        |    57 |   249 |       |       ||   306
       Glaive            |       |    29 |   187 |   505 ||   721
       Quarterstaff      |       |       |       |     4 ||     4
Throw: Throwing net      |       |     1 |       |       ||     1
       Tomahawk          |       |       |       |    28 ||    28
 Cast: Mephitic Cloud    |       |       |       |     5 ||     5
       Conjure Flame     |       |       |       |     3 ||     3
Invok: Call Merchant     |       |       |       |     1 ||     1
       Potion Petition   |       |       |       |     1 ||     1
Evoke: Wand              |       |       |     5 |     8 ||    13
  Use: Scroll            |     2 |     6 |     3 |     7 ||    18
 Stab: Distracted        |       |     1 |       |     1 ||     2
       Sleeping          |       |       |     1 |     7 ||     8
Armor: Robe              |    26 |       |     3 |    29 ||    58
       Scale mail        |    71 |   125 |       |       ||   196
       Ring mail         |       |    85 |    66 |   247 ||   398
Dodge: Dodged            |   119 |   243 |   128 |   543 ||  1033
